 Dungeon Crawl Stone Soup version 0.24.0-123-gd5b16e6ec5 (webtiles) character file.

Game seed: 11847110072140315475, levelgen mode: deterministic

2135 Hasart the Geomancer (level 9, 0/57 HPs)
             Began as a Vampire Earth Elementalist on Jan 14, 2020.
             Was a Follower of Sif Muna.
             Slain by an orc wizard
             ... wielding a +0 dagger
              (3 damage)
             ... on level 7 of the Dungeon.
             The game lasted 00:17:27 (6888 turns).

Hasart the Geomancer (Vampire Earth Elementalist)   Turns: 6888, Time: 00:17:28

Health: 0/57       AC:  3    Str:  7    XL:     9   Next: 9%
Magic:  17/17      EV: 16    Int: 20    God:    Sif Muna [*.....]
Gold:   248        SH:  0    Dex: 15    Spells: 10/19 levels left

rFire    + . .     SeeInvis +   z - +2 flail (protect)
rCold    . . .     Gourm    .   (no shield)
rNeg     . . .     Faith    .   c - +0 robe
rPois    .         Spirit   .   (no helmet)
rElec    .         Reflect  .   (no cloak)
rCorr    .         Harm     .   (no gloves)
MR       .....                  m - +0 pair of boots
Stlth    +.........             (no amulet)
HPRegen  0.39/turn              s - ring of protection from fire
MPRegen  0.15/turn              (no ring)

@: confused, lethally poisoned (0 -> -2), regenerating quickly
A: no food, fangs 3, see invisible, unbreathing
a: Exsanguinate, Channel Magic, Renounce Religion


You were on level 7 of the Dungeon.
You worshipped Sif Muna.
Sif Muna was aware of your devotion.
You were alive.

You visited 2 branches of the dungeon, and saw 8 of its levels.

You collected 248 gold pieces.

Inventory:

Hand Weapons
 z - a +2 flail of protection (weapon)
Missiles
 w - 76 stones (quivered)
Armour
 c - a +0 robe (worn)
 j - a +0 buckler
 m - a +0 pair of boots (worn)
Jewellery
 s - a ring of protection from fire (left hand)
 x - an uncursed ring of ice
Wands
 n - a wand of flame (7)
 y - a wand of random effects (12)
 A - a wand of polymorph (6)
Scrolls
 f - 5 scrolls of identify
 h - 2 scrolls of fear {unknown}
 i - a scroll of amnesia {unknown}
 k - 2 scrolls of enchant armour {unknown}
 l - 3 scrolls of remove curse {unknown}
 p - a scroll of blinking {unknown}
 t - a scroll of teleportation {unknown}
 C - a scroll of enchant weapon {unknown}
Potions
 a - 2 potions of mutation {unknown}
 b - a potion of might {unknown}
 d - a potion of brilliance {unknown}
 e - a potion of curing {unknown}
 g - 3 potions of agility {unknown}
 o - a potion of berserk rage {unknown}
 q - 2 potions of heal wounds {unknown}
 r - 3 potions of magic {unknown}
 u - 2 potions of resistance {unknown}
 v - a potion of degeneration {unknown}
 B - a potion of lignification {unknown}
 D - a potion of flight {unknown}


   Skills:
 - Level 6.0 Dodging
 - Level 3.0 Stealth
 + Level 5.6 Spellcasting
 * Level 2.8 Conjurations
   Level 1.1 Transmutations
 + Level 8.3 Earth Magic
 + Level 2.2 Evocations


You had 10 spell levels left.
You knew the following spells:

 Your Spells              Type           Power        Failure   Level  Hunger
a - Sandblast             Erth           #####.       1%          1    N/A
b - Stone Arrow           Conj/Erth      ####..       3%          3    N/A
c - Lee's Rapid Deconstr  Erth           #####.....   10%         5    N/A

Your spell library contained the following spells:

 Spells                   Type           Power        Failure   Level  Hunger
 Passwall                 Tmut/Erth      ###.....     2%          2    N/A
 Petrify                  Tmut/Erth      ###.....     16%         4    N/A

Dungeon Overview and Level Annotations

Branches:
Dungeon (7/15)             Temple (1/1) D:5

Altars:
Ashenzari
Dithmenos
Elyvilon
Hepliaklqana
Kikubaaqudgha
Makhleb
Nemelex Xobeh
Okawaru
Ru
Sif Muna
Trog
Uskayaw
Vehumet
Wu Jian
Xom
Yredelemnul
Zin
The Shining One

Shops:
D:6 (

Annotations:
D:4 Dowan


Innate Abilities, Weirdness & Mutations

You do not eat.
Your natural rate of healing is unusually fast.
You have razor-sharp teeth.
You have supernaturally acute eyesight. (SInv)
You can survive without breathing.


Message History

The orc wizard hits you with a +0 dagger.
The orc wizard misses you. The hippogriff bites you. The hippogriff pecks you!
The hippogriff claws you but does no damage.
The killer bee stings you. x2
You are poisoned.
The killer bee poisons you!
The killer bee stings you but does no damage.
In your confused state, you trip and fall back down the stairs.
You feel sick. The killer bee stings you.
* * * LOW HITPOINT WARNING * * *
The orc throws a boomerang.
The boomerang hits the orc wizard.
The weapon returns to the orc!
The orc wizard gestures at you while chanting.
You easily resist.
The shadow imp barely misses you. The hippogriff closely misses you.
The hippogriff pecks you!
* * * LOW HITPOINT WARNING * * *
The hippogriff claws you.
* * * LOW HITPOINT WARNING * * *
The orc wizard hits you with a +0 dagger.
You die...

.!!.≈≈≈ ≈≈ ..
###.......≈≈≈≈≈#≈# w≈
##$.......≈≈≈≈≈≈$.≈≈≈≈
##........w≈≈≈≈≈.8( ≈≈≈
#.........≈≈≈≈≈≈≈8!≈≈≈≈
#...>....≈≈≈≈≈≈;;.#≈≈#≈
#....Yyyw;≈≈≈≈≈≈.$.≈≈≈≈
#...§5yw..≈;;#≈≈.<.≈≈≈≈
#...yo@yo;≈≈≈≈≈≈...≈≈≈≈
##..oyHow≈≈≈≈≈≈≈≈.#≈#≈≈
##...c...≈≈≈≈≈#h<≈≈≈≈≈
##.####.w≈≈≈≈≈..≈ #≈#
.. .#≈≈#≈≈...≈ ≈≈ ..#
#.≈≈≈≈≈≈≈≈ ≈ ..# ..
.≈≈≈≈≈≈≈ ...


You could see a hippogriff, a sky beast, a centaur, 6 killer bees, 4 electric
eels, 3 orc wizards, a shadow imp, 5 dart slugs and an orc.

Vanquished Creatures
  Sigmund (D:3)
  Edmund (D:5)
  A water moccasin (D:6)
  An orc warrior (D:6)
  2 sky beasts (D:5)
  A black bear (D:6)
  An ice beast (D:5)
  2 phantoms
  2 ogres
  A centaur (D:5)
  Blork the orc (D:4)
  A bullfrog (D:6)
  A scorpion (D:5)
  An electric eel (D:7)
  2 crimson imps
  A centaur zombie (D:6)
  A bullfrog skeleton (D:6)
  2 hounds
  An iguana (D:6)
  3 orc priests
  Terence (D:2)
  6 worker ants
  A hound zombie (D:6)
  A worker ant zombie (D:6)
  4 gnolls (D:3)
  6 adders
  A shadow imp (D:5)
  2 oozes
  An adder skeleton (D:6)
  2 worms
  A dart slug (D:2)
  2 leopard geckos
  10 orcs
  A ball python (D:1)
  4 bats
  2 giant cockroaches
  5 goblins
  A hobgoblin (D:3)
  7 kobolds
  4 quokkas
  4 frilled lizards
  A leopard gecko skeleton (D:6)
  2 quokka skeletons
  5 rats
101 creatures vanquished.

Notes
Turn   | Place    | Note
-------+----------+-------------------------------------------
     0 | D:1      | Hasart the Vampire Earth Elementalist began the quest for
                  | the Orb.
     0 | D:1      | Reached XP level 1. HP: 13/13 MP: 3/3
   340 | D:1      | Reached XP level 2. HP: 19/19 MP: 3/5
  1127 | D:2      | Reached XP level 3. HP: 23/24 MP: 1/6
  1198 | D:2      | Noticed Terence
  1203 | D:2      | Killed Terence
  1326 | D:2      | Reached skill level 4 in Earth Magic
  1644 | D:2      | Found a glowing golden altar of the Shining One.
  1842 | D:3      | Reached XP level 4. HP: 27/30 MP: 5/7
  2061 | D:3      | Reached XP level 5. HP: 7/35 MP: 5/9
  2066 | D:3      | Learned a level 3 spell: Stone Arrow
  2838 | D:3      | Noticed Sigmund
  2846 | D:3      | Killed Sigmund
  2846 | D:3      | Reached skill level 5 in Earth Magic
  2846 | D:3      | Reached XP level 6. HP: 32/41 MP: 0/11
  3450 | D:4      | Noticed Blork the orc
  3457 | D:4      | Noticed Dowan
  3460 | D:4      | Killed Blork the orc
  3485 | D:5      | Entered Level 5 of the Dungeon
  3496 | D:5      | Found a glowing silver altar of Zin.
  3547 | D:5      | Got a slimy leather armour
  3548 | D:5      | Identified the +0 leather armour of Fortification {Str+3}
                  | (You found it on level 5 of the Dungeon)
  3565 | D:5      | Found a staircase to the Ecumenical Temple.
  3578 | D:5      | Reached skill level 6 in Earth Magic
  3582 | Temple   | Entered the Ecumenical Temple
  3804 | Temple   | Became a worshipper of Sif Muna the Loreminder
  3833 | D:5      | Found a bloodstained altar of Trog.
  3849 | D:5      | Reached XP level 7. HP: 14/46 MP: 2/12
  4065 | D:5      | Noticed Edmund
  4079 | D:5      | Learned a level 5 spell: Lee's Rapid Deconstruction
  4090 | D:5      | Reached skill level 5 in Dodging
  4128 | D:5      | Killed Edmund
  4128 | D:5      | Reached skill level 7 in Earth Magic
  4349 | D:5      | Reached XP level 8. HP: 43/52 MP: 4/14
  5266 | D:6      | Reached skill level 5 in Spellcasting
  5570 | D:6      | Reached * piety under Sif Muna
  5673 | D:6      | Reached skill level 1 in Conjurations
  5673 | D:6      | Reached skill level 8 in Earth Magic
  5673 | D:6      | Reached skill level 1 in Evocations
  5776 | D:6      | Found a white marble altar of Elyvilon.
  5973 | D:6      | Found Paluaranaj's Antique Weapon Boutique.
  6497 | D:6      | Reached XP level 9. HP: 52/57 MP: 10/17
  6888 | D:7      | Slain by an orc wizard

Levels and vault maps discovered:
D:1:      lemuel_arrival_room, layout_basic, minivault_24, nrook_loot_triangle
D:2:      layout_rooms, roderic_serpentine_path, tso_metal_star, uniq_terence
D:3:      layout_loops_corners, uniq_sigmund
D:4:      layout_cave_pods, cheibriados_altar_1, minmay_misc_feat_chi,
          uniq_duvessa, uniq_blork_the_orc, uniq_eustachio
D:5:      layout_loops_ring, bloody_trog, zin_scriptorium,
          minmay_temple_entry_gardened_gates, first_ration, uniq_edmund
D:6:      minmay_chambers_of_fours, layout_loops_ring, serial_shops,
          nicolae_shop_overgrown_old_shop, elyvilon_altar_3
D:7:      kennysheep_slugbush, layout_rooms, grunt_temple_overflow_open,
          serial_shops, nicolae_shop_competitors_out_of_business
Temple:   regret_index_temple_sphere_string

Skill      XL: |  1  2  3  4  5  6  7  8 |
---------------+-------------------------+-----
Dodging        | 3 4 5 6 |  6.0
Earth Magic    | 4 5 6 7 8 |  8.3
Spellcasting   | 3 4 5 |  5.6
Conjurations   | 2 |  2.8
Evocations     | 2 |  2.2
Stealth        | |  3.0
Transmutations | |  1.1

Action                   |  1- 3 |  4- 6 |  7- 9 || total
-------------------------+-------+-------+-------++-------
Melee: Hand axe          |    38 |       |       ||    38
       Bite              |     4 |    10 |     4 ||    18
       Spear             |    22 |   112 |     1 ||   135
       Flail             |       |       |    69 ||    69
 Cast: Sandblast         |    19 |    27 |    52 ||    98
       Stone Arrow       |       |    14 |    31 ||    45
       Lee's Rapid Decon |       |       |     5 ||     5
Evoke: Wand              |       |     3 |     4 ||     7
  Use: Scroll            |       |     1 |       ||     1
 Stab: Sleeping          |     3 |     2 |     1 ||     6
Armor: Robe              |    14 |    11 |    24 ||    49
Dodge: Dodged            |    60 |    87 |   109 ||   256
